Kings vs Oilers

Created - March 5, 2015 at 17:41

Goals
1 2 3 T
Kings 1 1 1 3
Oilers 0 2 3 5
Shots
1 2 3 T
Kings 7 4 8 19
Oilers 4 14 13 31

1st period

1. Kings , Tyler Myers 13 (Chris Kunitz, Joe Thornton) at 9:53

Penalties :
Dustin Penner (LOS) for Holding (Minor) at 15:21

2nd period

2. Kings , Mikael Granlund 24 (Ryan Nugent-Hopkins, Kris Letang) at 0:35 (PP)
3. Oilers , Tyler Bozak 26 (Mats Zuccarello, Jake Muzzin) at 11:47 (PP)
4. Oilers , Kevin Bieksa 7 (Bobby Ryan, Mikkel Boedker) at 16:55

Penalties :
Jake Muzzin (EDM) for Holding (Minor) at 0:25, Tyler Myers (LOS) for Slashing (Double Minor) at 2:03, Shane Doan (EDM) for Holding (Minor) at 7:04, Chris Kunitz (LOS) for Interference (Minor) at 10:21, Chris Kunitz (LOS) for Hooking (Minor) at 13:30, Kris Letang (LOS) for Hooking (Minor) at 18:27

3rd period

5. Oilers , Marc Methot 9 (Jake Muzzin, Tyler Bozak) at 0:10 (PP)
6. Oilers , Mikkel Boedker 18 (Bobby Ryan, Brian Campbell) at 1:01
7. Kings , Alexander Edler 9 (Chris Kunitz, Joe Thornton) at 3:52 (PP)
8. Oilers , Bobby Ryan 25 (Brad Richards, Jake Muzzin) at 10:58

Penalties :
Kevin Bieksa (EDM) for Boarding (Double Minor) at 1:46, Tyler Myers (LOS) for Holding (Minor) at 4:11, Tyler Myers (LOS) for Close Hand On Puck (Minor) at 6:39

Goalie Stats

Steve Mason (LOS), 26 saves from 31 shots - (0.839), L, 29-19-4, 60:00 minutes
Kari Lehtonen (EDM), 16 saves from 19 shots - (0.842), W, 29-22-3, 60:00 minutes

Players Stats for Kings

Player Name              G  A  P  +/- PIM S  H  SB GA TA FO     MP     PP MP  PK MP  
------------------------------------------------------------------------------------
Alexander Edler          1  0  1  -1  0   2  2  0  0  0  0/0    21:00   2:44   8:17 
Brian Gionta             0  0  0  -1  0   0  1  0  0  0  1/1    15:17   0:00   4:57 
Chris Kunitz             0  2  2  -1  4   1  2  0  0  0  0/1    17:06   2:32   0:46 
Colton Sceviour          0  0  0  -1  0   0  2  0  0  0  0/1    11:51   1:31   0:00 
Connor Murphy            0  0  0  -1  0   1  1  2  0  0  0/0    19:16   1:31   7:46 
Dennis Seidenberg        0  0  0  -1  0   0  0  5  0  0  0/0    23:40   0:00   7:45 
Dustin Penner            0  0  0   0  2   0  1  0  0  0  0/0    11:08   0:00   0:00 
J.T. Brown               0  0  0   0  0   1  1  0  0  0  0/0    11:09   0:00   0:00 
James van Riemsdyk       0  0  0  -1  0   0  0  0  0  0  1/2    26:18   2:44   9:44 
Joe Thornton             0  2  2  -1  0   3  0  0  0  0  10/21  17:48   2:32   1:26 
Kris Letang              0  1  1  -1  2   2  0  1  0  0  0/0    18:04   2:44   0:46 
Luke Adam                0  0  0   0  0   0  1  0  0  0  0/0     5:22   0:00   0:00 
Mikael Granlund          1  0  1   0  0   2  1  0  0  0  4/11   12:52   1:43   0:00 
Nate Thompson            0  0  0   0  0   2  0  0  0  0  7/10    9:56   0:00   4:34 
Robyn Regehr             0  0  0   0  0   2  1  1  0  0  0/0    16:56   0:00   2:09 
Ryan Nugent-Hopkins      0  1  1  -1  0   1  1  1  0  0  15/28  20:44   1:43   8:41 
Ryan Smyth               0  0  0   0  0   1  0  0  0  0  1/1     5:22   0:00   0:00 
Tyler Myers              1  0  1   0  8   1  0  0  0  0  0/0    21:00   1:31   3:25 

Players Stats for Oilers

Player Name              G  A  P  +/- PIM S  H  SB GA TA FO     MP     PP MP  PK MP  
------------------------------------------------------------------------------------
Aleksander Barkov        0  0  0   0  0   0  0  0  0  0  4/8     4:01   0:00   0:00 
Bobby Ryan               1  2  3   3  0   6  1  0  0  0  1/2    19:01   8:10   0:00 
Brad Richards            0  1  1   3  0   0  0  0  0  0  10/26  22:10   8:10   3:09 
Brian Campbell           0  1  1   1  0   0  0  2  0  0  0/0    25:22   7:56   2:06 
Chad Ruhwedel            0  0  0   0  0   0  2  1  0  0  0/0     3:33   0:00   0:53 
Dainius Zubrus           0  0  0   0  0   1  0  0  0  0  4/8    14:53   0:00   1:01 
Drew Miller              0  0  0   0  0   3  0  0  0  0  1/2     6:39   0:00   2:38 
Jake Muzzin              0  3  3   1  2   4  1  1  0  0  0/0    18:41   6:52   0:00 
Justin Williams          0  0  0   0  0   1  1  0  0  0  2/3    14:33   0:00   0:41 
Kevin Bieksa             1  0  1   1  4   3  5  0  0  0  0/0    20:35   7:56   0:00 
Kyle Quincey             0  0  0   0  0   0  1  2  0  0  0/0    15:39   0:16   1:52 
Marc Methot              1  0  1   1  0   2  1  2  0  0  0/0    21:07   7:08   2:09 
Marco Scandella          0  0  0   0  0   1  1  0  0  0  0/0    15:01   0:00   1:30 
Mats Zuccarello          0  1  1  -1  0   0  3  0  0  0  1/2    18:51   6:54   0:00 
Mikkel Boedker           1  1  2   3  0   3  1  1  0  0  0/0    19:01   8:10   0:00 
Shane Doan               0  0  0  -1  2   4  1  0  0  0  1/1    22:51   6:54   0:00 
Shawn Matthias           0  0  0   0  0   1  1  0  0  0  1/1    13:52   0:00   0:00 
Tyler Bozak              1  1  2  -1  0   2  0  0  0  0  12/23  19:52   6:54   1:01 

3 Stars

1 - Bobby Ryan (EDM)
2 - Mikkel Boedker (EDM)
3 - Jake Muzzin (EDM)

Power Play

Kings - 2 on 4 Attempt(s) - 50.00%
Oilers - 2 on 8 Attempt(s) - 25.00%

Penalty Kill

Kings - 6 on 8 Attempt(s) - 75.00% - Score 0 goal in Penalty Kill
Oilers - 2 on 4 Attempt(s) - 50.00% - Score 0 goal in Penalty Kill

Team Stat

Kings - Hits : 14 - Faceoff Wins : 39 - Blocked Shots : 10 - Penalty Minutes : 16
Oilers - Hits : 19 - Faceoff Wins : 37 - Blocked Shots : 9 - Penalty Minutes : 8

Official

Referees : Francis Charron and Wes McCauley
Linesman : Brad Kovachik and Michel Cormier

Game Notes

No Game Note

Finance

Level 1 -- Attendance: 5751 (88.48%) -- Ticket Income $471,582
Level 2 -- Attendance: 5000 (100.00%) -- Ticket Income $360,000
Level 3 -- Attendance: 2376 (67.89%) -- Ticket Income $154,440
Level 4 -- Attendance: 839 (100.00%) -- Ticket Income $53,696
Luxury Box -- Attendance: 926 (92.60%) -- Ticket Income $189,830
Game was played at the Rexall Place'
Total Attendance: 14892 (88.44%)
Total Ticket Income: $1,229,548
Other Income: $184,432
Total Income: $1,413,980

% Time on Ice - Kings

Lines # - Real PCT - Wanted PCT - Time Play
Normal Forward
1 - 34% - 40% - 13:50
2 - 25% - 30% - 10:20
3 - 27% - 20% - 11:09
4 - 13% - 10% - 5:22
Normal Defense
1 - 36% - 40% - 14:35
2 - 36% - 30% - 14:47
3 - 25% - 20% - 9:59
4 - 3% - 10% - 1:20
PP Forward
1 - 60% - 60% - 2:32
2 - 40% - 40% - 1:43
PP Defense
1 - 64% - 60% - 2:44
2 - 36% - 40% - 1:31
PK Forward
1 - 70% - 60% - 10:30
2 - 30% - 40% - 4:34
PK Defense
1 - 29% - 60% - 4:24
2 - 71% - 40% - 10:40
PK3 Forward
1 - 0% - 60%
2 - 0% - 40%
PK3 Defense
1 - 0% - 60%
2 - 0% - 40%
44 Forward
1 - 0% - 60%
2 - 0% - 40%
44 Defense
1 - 0% - 60%
2 - 0% - 40%
Last Minute Offensive  - 0:00
Last Minute Defensive  - 0:00
Total
Forward - 60:00
Defense - 60:00

% Time on Ice - Oilers

Lines # - Real PCT - Wanted PCT - Time Play
Normal Forward
1 - 29% - 35% - 11:57
2 - 27% - 30% - 10:51
3 - 34% - 25% - 13:52
4 - 10% - 10% - 4:01
Normal Defense
1 - 31% - 30% - 12:40
2 - 29% - 30% - 11:50
3 - 33% - 30% - 13:31
4 - 7% - 10% - 2:40
PP Forward
1 - 46% - 50% - 6:54
2 - 54% - 50% - 8:10
PP Defense
1 - 53% - 50% - 7:56
2 - 47% - 50% - 7:08
PK Forward
1 - 76% - 60% - 3:14
2 - 24% - 40% - 1:01
PK Defense
1 - 49% - 50% - 2:06
2 - 51% - 50% - 2:09
PK3 Forward
1 - 0% - 60%
2 - 0% - 40%
PK3 Defense
1 - 0% - 60%
2 - 0% - 40%
44 Forward
1 - 0% - 60%
2 - 0% - 40%
44 Defense
1 - 0% - 60%
2 - 0% - 40%
Last Minute Offensive  - 0:00
Last Minute Defensive  - 0:00
Total
Forward - 60:00
Defense - 60:00

Play by Play

1st period


0:01 of 1st period - Joe Thornton wins face-off versus Mats Zuccarello in neutral zone.
0:36 of 1st period - Shot by Kris Letang.
0:36 of 1st period - Stopped by Kari Lehtonen without a rebound.
0:37 of 1st period - Brian Gionta wins face-off versus Bobby Ryan in Oilers zone.
0:50 of 1st period - Shot by Ryan Nugent-Hopkins.
0:50 of 1st period - Shot Blocked by Mikkel Boedker.
1:02 of 1st period - Shot by Colton Sceviour.
1:02 of 1st period - Shot Misses the Net.
1:46 of 1st period - Shot by J.T. Brown.
1:46 of 1st period - Shot Blocked by Marc Methot.
2:00 of 1st period - Shot by Mikael Granlund.
2:00 of 1st period - Stopped by Kari Lehtonen without a rebound.
2:01 of 1st period - Nate Thompson wins face-off versus Dainius Zubrus in Oilers zone.
2:07 of 1st period - Icing by Kyle Quincey.
2:08 of 1st period - Shawn Matthias wins face-off versus Joe Thornton in Oilers zone.
3:37 of 1st period - Shot by Nate Thompson.
3:37 of 1st period - Stopped by Kari Lehtonen without a rebound.
3:38 of 1st period - Ryan Nugent-Hopkins wins face-off versus Aleksander Barkov in Oilers zone.
3:38 of 1st period - Ryan Nugent-Hopkins is hit by Chad Ruhwedel.
3:58 of 1st period - Drew Miller is hit by Colton Sceviour and loses puck.
4:11 of 1st period - Shot by Ryan Nugent-Hopkins.
4:11 of 1st period - Shot Blocked by Brian Campbell.
4:20 of 1st period - Ryan Nugent-Hopkins is hit by Chad Ruhwedel and loses puck.
5:13 of 1st period - Shot by Bobby Ryan.
5:13 of 1st period - Shot Blocked by Dennis Seidenberg.
6:09 of 1st period - Icing by Chris Kunitz.
6:10 of 1st period - Tyler Bozak wins face-off versus Joe Thornton in Kings zone.
6:23 of 1st period - Shot by Joe Thornton.
6:23 of 1st period - Stopped by Kari Lehtonen without a rebound.
6:24 of 1st period - Ryan Nugent-Hopkins wins face-off versus Aleksander Barkov in Oilers zone.
6:42 of 1st period - Aleksander Barkov is hit by Alexander Edler and loses puck.
6:46 of 1st period - Aleksander Barkov is hit by Connor Murphy and loses puck.
6:57 of 1st period - Shot by Shane Doan.
6:57 of 1st period - Stopped by Steve Mason without a rebound.
6:58 of 1st period - Joe Thornton wins face-off versus Dainius Zubrus in Kings zone.
8:28 of 1st period - Shot by Nate Thompson.
8:28 of 1st period - Stopped by Kari Lehtonen with a rebound.
9:48 of 1st period - Joe Thornton is hit by Kevin Bieksa and loses puck.
9:51 of 1st period - Shot by Chris Kunitz.
9:51 of 1st period - Shot Misses the Net.
9:53 of 1st period - Shot by Tyler Myers.
9:53 of 1st period - Goal by Tyler Myers - Kings : 1 - Oilers : 0.
9:54 of 1st period - Brad Richards wins face-off versus Mikael Granlund in neutral zone.
10:10 of 1st period - Off-side.
10:11 of 1st period - Joe Thornton wins face-off versus Tyler Bozak in neutral zone.
10:11 of 1st period - Joe Thornton is hit by Shane Doan.
10:36 of 1st period - Off-side.
10:37 of 1st period - Mikael Granlund wins face-off versus Brad Richards in neutral zone.
11:16 of 1st period - Jake Muzzin is hit by Mikael Granlund and loses puck.
11:56 of 1st period - Shot by Tyler Bozak.
11:56 of 1st period - Shot Misses the Net.
12:06 of 1st period - Shot by Shane Doan.
12:06 of 1st period - Shot Blocked by Dennis Seidenberg.
12:10 of 1st period - Shot by Kevin Bieksa.
12:10 of 1st period - Stopped by Steve Mason without a rebound.
12:11 of 1st period - Aleksander Barkov wins face-off versus Joe Thornton in Kings zone.
12:20 of 1st period - Icing by Robyn Regehr.
12:21 of 1st period - Joe Thornton wins face-off versus Brad Richards in Kings zone.
13:45 of 1st period - Shot by Shane Doan.
13:45 of 1st period - Stopped by Steve Mason without a rebound.
13:46 of 1st period - Nate Thompson wins face-off versus Dainius Zubrus in Kings zone.
14:29 of 1st period - Shot by Justin Williams.
14:29 of 1st period - Shot Misses the Net.
14:37 of 1st period - Dainius Zubrus is hit by Luke Adam and loses puck.
15:00 of 1st period - Icing by Kyle Quincey.
15:01 of 1st period - Dainius Zubrus wins face-off versus Mikael Granlund in Oilers zone.
15:21 of 1st period - Minor Penalty to Dustin Penner for Holding.
15:22 of 1st period - Mats Zuccarello wins face-off versus Ryan Nugent-Hopkins in Kings zone.
17:34 of 1st period - Icing by Brian Campbell.
17:35 of 1st period - Nate Thompson wins face-off versus Aleksander Barkov in Oilers zone.
17:45 of 1st period - Icing by Chad Ruhwedel.
17:46 of 1st period - Aleksander Barkov wins face-off versus Mikael Granlund in Oilers zone.
18:09 of 1st period - Shot by Shane Doan.
18:09 of 1st period - Shot Misses the Net.
18:11 of 1st period - Shot by Drew Miller.
18:11 of 1st period - Stopped by Steve Mason without a rebound.
18:12 of 1st period - Dainius Zubrus wins face-off versus Chris Kunitz in Kings zone.
19:19 of 1st period - Shot by Ryan Nugent-Hopkins.
19:19 of 1st period - Stopped by Kari Lehtonen without a rebound.
19:20 of 1st period - Ryan Nugent-Hopkins wins face-off versus Brad Richards in Oilers zone.
19:36 of 1st period - Icing by Brian Campbell.
19:37 of 1st period - Ryan Smyth wins face-off versus Brad Richards in Oilers zone.
19:41 of 1st period - Icing by Bobby Ryan.
19:42 of 1st period - Brad Richards wins face-off versus Ryan Nugent-Hopkins in Oilers zone.
19:42 of 1st period - Brad Richards is hit by Brian Gionta.
19:51 of 1st period - Icing by Kevin Bieksa.
19:52 of 1st period - Joe Thornton wins face-off versus Brad Richards in Oilers zone.
Goals for this period are 1 for Kings vs 0 for Oilers.
Shots for this period are 7 for Kings vs 4 for Oilers.

2nd period


0:01 of 2nd period - Shane Doan wins face-off versus James van Riemsdyk in neutral zone.
0:25 of 2nd period - Minor Penalty to Jake Muzzin for Holding.
0:26 of 2nd period - Mikael Granlund wins face-off versus Brad Richards in Oilers zone.
0:35 of 2nd period - Shot by Mikael Granlund.
0:35 of 2nd period - Goal by Mikael Granlund - Kings : 2 - Oilers : 0.
0:36 of 2nd period - Ryan Nugent-Hopkins wins face-off versus Tyler Bozak in neutral zone.
1:33 of 2nd period - James van Riemsdyk is hit by Mats Zuccarello and loses puck.
1:44 of 2nd period - Shot by Joe Thornton.
1:44 of 2nd period - Stopped by Kari Lehtonen with a rebound.
2:02 of 2nd period - Mikkel Boedker is hit by Robyn Regehr.
2:03 of 2nd period - Double Minor Penalty to Tyler Myers for Slashing.
2:04 of 2nd period - Ryan Nugent-Hopkins wins face-off versus Brad Richards in Kings zone.
2:04 of 2nd period - Ryan Nugent-Hopkins is hit by Mikkel Boedker.
2:34 of 2nd period - Shot by Mikkel Boedker.
2:34 of 2nd period - Stopped by Steve Mason with a rebound.
2:54 of 2nd period - Shot by Tyler Bozak.
2:54 of 2nd period - Shot Misses the Net.
3:22 of 2nd period - Marc Methot is hit by Ryan Nugent-Hopkins and loses puck.
3:34 of 2nd period - Shot by Brad Richards.
3:34 of 2nd period - Shot Blocked by Ryan Nugent-Hopkins.
3:36 of 2nd period - Shot by Marc Methot.
3:36 of 2nd period - Shot Misses the Net.
3:38 of 2nd period - Shot by Jake Muzzin.
3:38 of 2nd period - Stopped by Steve Mason without a rebound.
3:39 of 2nd period - Tyler Bozak wins face-off versus Nate Thompson in Kings zone.
3:42 of 2nd period - Shot by Shane Doan.
3:42 of 2nd period - Stopped by Steve Mason without a rebound.
3:43 of 2nd period - Nate Thompson wins face-off versus Tyler Bozak in Kings zone.
4:39 of 2nd period - Icing by Jake Muzzin.
4:40 of 2nd period - Brad Richards wins face-off versus Joe Thornton in Oilers zone.
5:42 of 2nd period - Shot by Brian Campbell.
5:42 of 2nd period - Shot Blocked by Dennis Seidenberg.
6:01 of 2nd period - Icing by Brad Richards.
6:02 of 2nd period - Brad Richards wins face-off versus Ryan Nugent-Hopkins in Oilers zone.
6:53 of 2nd period - Icing by Justin Williams.
6:54 of 2nd period - Dainius Zubrus wins face-off versus Joe Thornton in Oilers zone.
7:04 of 2nd period - Minor Penalty to Shane Doan for Holding.
7:05 of 2nd period - James van Riemsdyk wins face-off versus Drew Miller in Oilers zone.
8:38 of 2nd period - Shot by Ryan Nugent-Hopkins.
8:38 of 2nd period - Shot Blocked by Chad Ruhwedel.
8:58 of 2nd period - Shot by Alexander Edler.
8:58 of 2nd period - Stopped by Kari Lehtonen with a rebound.
9:07 of 2nd period - Icing by Tyler Bozak.
9:08 of 2nd period - Nate Thompson wins face-off versus Tyler Bozak in Oilers zone.
9:26 of 2nd period - Icing by Mats Zuccarello.
9:27 of 2nd period - Tyler Bozak wins face-off versus Mikael Granlund in Oilers zone.
9:29 of 2nd period - Marc Methot is hit by Dustin Penner and loses puck.
9:44 of 2nd period - Shot by Tyler Bozak.
9:44 of 2nd period - Shot Misses the Net.
9:55 of 2nd period - Icing by Robyn Regehr.
9:56 of 2nd period - Dainius Zubrus wins face-off versus Mikael Granlund in Kings zone.
10:21 of 2nd period - Minor Penalty to Chris Kunitz for Interference.
10:22 of 2nd period - Ryan Nugent-Hopkins wins face-off versus Brad Richards in Kings zone.
11:47 of 2nd period - Shot by Tyler Bozak.
11:47 of 2nd period - Goal by Tyler Bozak - Kings : 2 - Oilers : 1.
11:48 of 2nd period - Justin Williams wins face-off versus Mikael Granlund in neutral zone.
12:18 of 2nd period - Shot by Shawn Matthias.
12:18 of 2nd period - Shot Blocked by Dennis Seidenberg.
12:28 of 2nd period - Justin Williams is hit by J.T. Brown and loses puck.
12:37 of 2nd period - Mikael Granlund is hit by Shawn Matthias and loses puck.
13:21 of 2nd period - Off-side.
13:22 of 2nd period - Joe Thornton wins face-off versus Brad Richards in neutral zone.
13:30 of 2nd period - Minor Penalty to Chris Kunitz for Hooking.
13:31 of 2nd period - Ryan Nugent-Hopkins wins face-off versus Brad Richards in Kings zone.
13:31 of 2nd period - Ryan Nugent-Hopkins is hit by Bobby Ryan.
13:45 of 2nd period - Shot by Bobby Ryan.
13:45 of 2nd period - Stopped by Steve Mason without a rebound.
13:46 of 2nd period - Tyler Bozak wins face-off versus Ryan Nugent-Hopkins in Kings zone.
13:59 of 2nd period - Shot by Jake Muzzin.
13:59 of 2nd period - Stopped by Steve Mason without a rebound.
14:00 of 2nd period - Brad Richards wins face-off versus Ryan Nugent-Hopkins in Kings zone.
15:05 of 2nd period - Icing by Tyler Bozak.
15:06 of 2nd period - Tyler Bozak wins face-off versus Ryan Nugent-Hopkins in Oilers zone.
15:11 of 2nd period - Shot by Marc Methot.
15:11 of 2nd period - Stopped by Steve Mason with a rebound.
15:38 of 2nd period - Tyler Myers is hit by Justin Williams and loses puck.
15:51 of 2nd period - Shot by Shawn Matthias.
15:51 of 2nd period - Stopped by Steve Mason without a rebound.
15:52 of 2nd period - Aleksander Barkov wins face-off versus Nate Thompson in Kings zone.
15:53 of 2nd period - Shot by Drew Miller.
15:53 of 2nd period - Stopped by Steve Mason with a rebound.
16:23 of 2nd period - Shot by Ryan Smyth.
16:23 of 2nd period - Stopped by Kari Lehtonen without a rebound.
16:24 of 2nd period - Brad Richards wins face-off versus Joe Thornton in Oilers zone.
16:51 of 2nd period - Shot by Mikkel Boedker.
16:51 of 2nd period - Shot Blocked by Kris Letang.
16:53 of 2nd period - Shot by Bobby Ryan.
16:53 of 2nd period - Stopped by Steve Mason with a rebound.
16:55 of 2nd period - Shot by Kevin Bieksa.
16:55 of 2nd period - Goal by Kevin Bieksa - Kings : 2 - Oilers : 2.
16:56 of 2nd period - Tyler Bozak wins face-off versus Ryan Nugent-Hopkins in neutral zone.
17:19 of 2nd period - Shot by Ryan Nugent-Hopkins.
17:19 of 2nd period - Shot Misses the Net.
17:27 of 2nd period - Robyn Regehr is hit by Mats Zuccarello and loses puck.
18:06 of 2nd period - Shot by Bobby Ryan.
18:06 of 2nd period - Stopped by Steve Mason with a rebound.
18:15 of 2nd period - Brian Campbell is hit by Colton Sceviour and loses puck.
18:27 of 2nd period - Minor Penalty to Kris Letang for Hooking.
18:28 of 2nd period - Joe Thornton wins face-off versus Brad Richards in Kings zone.
19:12 of 2nd period - Shot by Mats Zuccarello.
19:12 of 2nd period - Shot Misses the Net.
19:30 of 2nd period - Shot by Jake Muzzin.
19:30 of 2nd period - Stopped by Steve Mason without a rebound.
19:31 of 2nd period - Tyler Bozak wins face-off versus Nate Thompson in Kings zone.
19:32 of 2nd period - Shot by Kevin Bieksa.
19:32 of 2nd period - Stopped by Steve Mason without a rebound.
19:33 of 2nd period - Bobby Ryan wins face-off versus Ryan Nugent-Hopkins in Kings zone.
Goals for this period are 1 for Kings vs 2 for Oilers.
Shots for this period are 4 for Kings vs 14 for Oilers.

3rd period


0:01 of 3rd period - Tyler Bozak wins face-off versus Ryan Nugent-Hopkins in neutral zone.
0:10 of 3rd period - Shot by Marc Methot.
0:10 of 3rd period - Goal by Marc Methot - Kings : 2 - Oilers : 3.
0:11 of 3rd period - Brad Richards wins face-off versus Joe Thornton in neutral zone.
0:11 of 3rd period - Brian Campbell is hit by Chris Kunitz.
0:51 of 3rd period - Icing by Mikkel Boedker.
0:52 of 3rd period - Brad Richards wins face-off versus Ryan Nugent-Hopkins in Oilers zone.
0:59 of 3rd period - Shot by Bobby Ryan.
0:59 of 3rd period - Shot Misses the Net.
1:01 of 3rd period - Shot by Bobby Ryan.
1:01 of 3rd period - Deflect By Mikkel Boedker.
1:01 of 3rd period - Goal by Mikkel Boedker - Kings : 2 - Oilers : 4.
1:02 of 3rd period - Ryan Nugent-Hopkins wins face-off versus Tyler Bozak in neutral zone.
1:12 of 3rd period - Shot by Connor Murphy.
1:12 of 3rd period - Stopped by Kari Lehtonen without a rebound.
1:13 of 3rd period - Joe Thornton wins face-off versus Tyler Bozak in Oilers zone.
1:13 of 3rd period - Chris Kunitz is hit by Kyle Quincey and loses puck.
1:41 of 3rd period - Shot by Chris Kunitz.
1:41 of 3rd period - Shot Blocked by Kyle Quincey.
1:43 of 3rd period - Shot by Robyn Regehr.
1:43 of 3rd period - Stopped by Kari Lehtonen without a rebound.
1:44 of 3rd period - Ryan Nugent-Hopkins wins face-off versus Brad Richards in Oilers zone.
1:45 of 3rd period - Shot by Kris Letang.
1:45 of 3rd period - Shot Blocked by Brian Campbell.
1:46 of 3rd period - Double Minor Penalty to Kevin Bieksa for Boarding.
1:47 of 3rd period - Mikael Granlund wins face-off versus Brad Richards in Oilers zone.
1:48 of 3rd period - Shot by Kris Letang.
1:48 of 3rd period - Stopped by Kari Lehtonen without a rebound.
1:49 of 3rd period - Joe Thornton wins face-off versus Brad Richards in Oilers zone.
2:05 of 3rd period - James van Riemsdyk is hit by Marc Methot and loses puck.
2:15 of 3rd period - Shot by Alexander Edler.
2:15 of 3rd period - Shot Misses the Net.
2:17 of 3rd period - Shot by Joe Thornton.
2:17 of 3rd period - Shot Misses the Net.
2:19 of 3rd period - Shot by Kris Letang.
2:19 of 3rd period - Shot Blocked by Kyle Quincey.
3:04 of 3rd period - Shot by Tyler Myers.
3:04 of 3rd period - Shot Misses the Net.
3:23 of 3rd period - Off-side.
3:24 of 3rd period - Drew Miller wins face-off versus Joe Thornton in neutral zone.
3:33 of 3rd period - Kyle Quincey is hit by Chris Kunitz and loses puck.
3:52 of 3rd period - Shot by Alexander Edler.
3:52 of 3rd period - Goal by Alexander Edler - Kings : 3 - Oilers : 4.
3:53 of 3rd period - Nate Thompson wins face-off versus Tyler Bozak in neutral zone.
4:11 of 3rd period - Minor Penalty to Tyler Myers for Holding.
4:12 of 3rd period - Ryan Nugent-Hopkins wins face-off versus Tyler Bozak in Kings zone.
4:26 of 3rd period - Icing by Jake Muzzin.
4:27 of 3rd period - Tyler Bozak wins face-off versus Ryan Nugent-Hopkins in Oilers zone.
5:18 of 3rd period - Shot by Mikkel Boedker.
5:18 of 3rd period - Stopped by Steve Mason with a rebound.
5:26 of 3rd period - Icing by Brian Campbell.
5:27 of 3rd period - Ryan Nugent-Hopkins wins face-off versus Brad Richards in Oilers zone.
5:27 of 3rd period - Ryan Nugent-Hopkins is hit by Kevin Bieksa.
5:31 of 3rd period - Shot by James van Riemsdyk.
5:31 of 3rd period - Shot Misses the Net.
6:02 of 3rd period - Shot by Brian Campbell.
6:02 of 3rd period - Shot Blocked by Dennis Seidenberg.
6:24 of 3rd period - Shot by Marco Scandella.
6:24 of 3rd period - Shot Blocked by Robyn Regehr.
6:26 of 3rd period - Shot by Dainius Zubrus.
6:26 of 3rd period - Shot Misses the Net.
6:28 of 3rd period - Shot by Marco Scandella.
6:28 of 3rd period - Stopped by Steve Mason with a rebound.
6:39 of 3rd period - Minor Penalty to Tyler Myers for Close Hand On Puck.
6:40 of 3rd period - Nate Thompson wins face-off versus Tyler Bozak in Kings zone.
6:54 of 3rd period - Shot by Tyler Bozak.
6:54 of 3rd period - Stopped by Steve Mason without a rebound.
6:55 of 3rd period - Tyler Bozak wins face-off versus Ryan Nugent-Hopkins in Kings zone.
7:00 of 3rd period - Shot by Jake Muzzin.
7:00 of 3rd period - Shot Blocked by Connor Murphy.
7:27 of 3rd period - Shot by Tyler Bozak.
7:27 of 3rd period - Shot Blocked by Connor Murphy.
8:25 of 3rd period - Shot by Bobby Ryan.
8:25 of 3rd period - Stopped by Steve Mason with a rebound.
9:00 of 3rd period - Shot by Mikael Granlund.
9:00 of 3rd period - Shot Misses the Net.
9:02 of 3rd period - Shot by Robyn Regehr.
9:02 of 3rd period - Stopped by Kari Lehtonen without a rebound.
9:03 of 3rd period - Aleksander Barkov wins face-off versus Joe Thornton in Oilers zone.
9:14 of 3rd period - Icing by James van Riemsdyk.
9:15 of 3rd period - Justin Williams wins face-off versus Joe Thornton in Kings zone.
9:30 of 3rd period - Shot by Chris Kunitz.
9:30 of 3rd period - Stopped by Kari Lehtonen without a rebound.
9:31 of 3rd period - Tyler Bozak wins face-off versus Colton Sceviour in Oilers zone.
9:46 of 3rd period - Tyler Myers is hit by Mats Zuccarello.
9:56 of 3rd period - Icing by Kevin Bieksa.
9:57 of 3rd period - Joe Thornton wins face-off versus Tyler Bozak in Oilers zone.
9:57 of 3rd period - Joe Thornton is hit by Kevin Bieksa.
10:26 of 3rd period - Tyler Bozak is hit by Alexander Edler and loses puck.
10:58 of 3rd period - Shot by Bobby Ryan.
10:58 of 3rd period - Goal by Bobby Ryan - Kings : 3 - Oilers : 5.
10:59 of 3rd period - Ryan Nugent-Hopkins wins face-off versus Dainius Zubrus in neutral zone.
11:17 of 3rd period - Shot by Dainius Zubrus.
11:17 of 3rd period - Stopped by Steve Mason with a rebound.
11:21 of 3rd period - Shot by Justin Williams.
11:21 of 3rd period - Stopped by Steve Mason without a rebound.
11:22 of 3rd period - Brad Richards wins face-off versus Mikael Granlund in Kings zone.
11:35 of 3rd period - Shot by Mikael Granlund.
11:35 of 3rd period - Shot Blocked by Marc Methot.
11:37 of 3rd period - Shot by Dustin Penner.
11:37 of 3rd period - Shot Blocked by Jake Muzzin.
11:41 of 3rd period - Shot by J.T. Brown.
11:41 of 3rd period - Stopped by Kari Lehtonen without a rebound.
11:42 of 3rd period - Tyler Bozak wins face-off versus Ryan Nugent-Hopkins in Oilers zone.
14:43 of 3rd period - Shot by Shane Doan.
14:43 of 3rd period - Stopped by Steve Mason without a rebound.
14:44 of 3rd period - Ryan Nugent-Hopkins wins face-off versus Tyler Bozak in Kings zone.
14:50 of 3rd period - Dennis Seidenberg is hit by Kevin Bieksa and loses puck.
15:28 of 3rd period - Ryan Nugent-Hopkins is hit by Kevin Bieksa.
16:10 of 3rd period - Shot by Joe Thornton.
16:10 of 3rd period - Shot Misses the Net.
16:27 of 3rd period - Off-side.
16:28 of 3rd period - Mikael Granlund wins face-off versus Brad Richards in neutral zone.
17:56 of 3rd period - Connor Murphy is hit by Marco Scandella and loses puck.
18:27 of 3rd period - Shot by Joe Thornton.
18:27 of 3rd period - Stopped by Kari Lehtonen without a rebound.
18:28 of 3rd period - Ryan Nugent-Hopkins wins face-off versus Aleksander Barkov in Oilers zone.
18:53 of 3rd period - Shot by Drew Miller.
18:53 of 3rd period - Stopped by Steve Mason without a rebound.
18:54 of 3rd period - Brad Richards wins face-off versus Joe Thornton in Kings zone.
19:08 of 3rd period - Joe Thornton is hit by Jake Muzzin and loses puck.
19:21 of 3rd period - Shot by Brad Richards.
19:21 of 3rd period - Shot Misses the Net.
19:23 of 3rd period - Shot by Bobby Ryan.
19:23 of 3rd period - Stopped by Steve Mason with a rebound.
19:31 of 3rd period - Shot by Mikkel Boedker.
19:31 of 3rd period - Shot Misses the Net.
19:33 of 3rd period - Shot by Jake Muzzin.
19:33 of 3rd period - Stopped by Steve Mason without a rebound.
19:34 of 3rd period - Ryan Nugent-Hopkins wins face-off versus Justin Williams in Kings zone.
19:43 of 3rd period - Shot by Ryan Nugent-Hopkins.
19:43 of 3rd period - Shot Misses the Net.
Goals for this period are 1 for Kings vs 3 for Oilers.
Shots for this period are 8 for Kings vs 13 for Oilers.


Output by the SimonT Hockey Simulator (STHS) for Stephane Roy -- Original Page W3C XHTML 1.0 Valid
Hockey Simulator - Hockey Simulation - Hockey Manager